AoeStats
← Shmug

Fortress

509842520Analyzed
3v3 RM · 5d ago on Sep 28, 2026· 54m 16s· 6 players
Game mode
Random Map
Map size
Large (8 player)
Population
200
Speed
Normal
Resources
Standard
Victory
Conquest
Starting age
Dark Age
Ending age
Imperial Age
RankedLock teamsTeams togetherTeam positionsShared explorationLock speedFull tech treeHidden civsTurbo modeCheats
Victory
Defeat
🇩🇪 Slavs · Germany
1224
+5
🇩🇪 Turks · Germany
1186
+6
🇬🇧 Danes · United Kingdom
1136
+9
🇹🇼 Portuguese · Taiwan
964
-7
🇹🇼 Danes · Taiwan
950
-7
🇹🇼 Khmer · Taiwan
920
-6
Shmug
3:40 Loom
8:29 Feudal Age
12:10 Castle Age
10:06 Double-Bit Axe
10:14 Horse Collar
13:39 Wheelbarrow
16:07 Bow Saw
20:43 Scale Mail Armor
21:33 Squires
21:19 Arson
21:46 Forging
24:48 Chain Mail Armor
25:08 Iron Casting
27:07 Hamask
32:16 Imperial Age
31:21 Hand Cart
33:39 Plate Mail Armor
34:10 Blast Furnace
32:50 Elite Jomsviking
36:09 Onager
36:42 Northmen's Fury
38:12 Siege Onager
41:31 Siege Engineers
42:27 Chemistry
42:35 Town Watch
50:38 Caravan
51:37 Murder Holes
51:34 Guard Tower
LLBHLJ
2:34 Loom
7:40 Feudal Age
11:51 Castle Age
9:53 Horse Collar
10:22 Double-Bit Axe
18:42 Imperial Age
22:21 Gold Mining
34:23 Elite Janissary
35:36 Town Watch
36:03 Bow Saw
35:44 Stone Mining
37:18 Artillery
51:14 Town Patrol
53:12 Spies/Treason
Jonas
8:03 Feudal Age
12:00 Castle Age
10:10 Double-Bit Axe
10:05 Horse Collar
16:27 Detinets
17:18 Bow Saw
18:49 Scale Barding Armor
18:36 Loom
19:28 Wheelbarrow
19:03 Heavy Plow
21:16 Wheelbarrow
20:39 Stone Mining
20:44 Gold Mining
23:37 Forging
24:15 Chain Barding Armor
29:35 Imperial Age
27:20 Hand Cart
28:10 Scale Mail Armor
27:33 Pikeman
27:33 Man-at-Arms
30:58 Chain Mail Armor
31:23 Capped Ram
32:41 Plate Mail Armor
31:34 Long Swordsman
32:38 Two-Handed Swordsman
33:18 Squires
36:02 Halberdier
37:10 Siege Ram
40:14 Onager
45:01 Two-Man Saw
44:32 Crop Rotation
43:53 Champion
52:30 Conscription
52:11 Druzhina
52:47 Hoardings
52:49 Iron Casting
52:41 Spies/Treason
shulin60111
7:27 Feudal Age
11:23 Castle Age
9:32 Double-Bit Axe
10:33 Horse Collar
15:36 Loom
16:27 Wheelbarrow
24:01 Bow Saw
27:18 Imperial Age
25:09 Scale Mail Armor
26:59 Town Watch
27:35 Chain Mail Armor
27:26 Hamask
28:41 Plate Mail Armor
29:31 Masonry
29:16 Capped Ram
30:21 Elite Jomsviking
30:43 Capped Ram
34:27 Forging
34:47 Squires
34:32 Arson
34:33 Gambesons
40:01 Siege Ram
41:51 Northmen's Fury
s99241040
1:41 Loom
7:01 Feudal Age
11:51 Castle Age
10:44 Double-Bit Axe
12:03 Horse Collar
15:56 Heavy Plow
19:34 Fletching
19:46 Gold Mining
20:02 Town Watch
21:31 Scale Barding Armor
23:55 Ballistics
23:39 Husbandry
28:40 Imperial Age
30:20 Bow Saw
30:46 Conscription
30:59 Elite Ballista Elephant
32:05 Conscription
32:42 Double Crossbow
33:19 Forging
fugo53419
8:00 Feudal Age
13:08 Castle Age
11:39 Double-Bit Axe
11:36 Horse Collar
13:08 Gold Mining
16:27 Heavy Plow
17:16 Bow Saw
23:01 Pikeman
34:19 Bloodlines
34:51 Husbandry
Connection lost

Rejoining the realm…

Still unreachable

The connection could not be restored.

Session expired

The server has moved on; the page needs a fresh start.